 Dungeon Crawl Stone Soup version 0.31-a0-161-gb58dd9be76 (webtiles) character file.

Game seed: 6558152483097529439

13 Moral the Ruffian (level 2, 25/25 HPs)
             Began as a Ghoul Gladiator on June 13, 2023.
             Quit the game on level 1 of the Dungeon.
             The game lasted 00:02:26 (843 turns).

Moral the Ruffian (Ghoul Gladiator)                  Turns: 843, Time: 00:02:26

Health: 25/25      AC:  4    Str: 17    XL:     2   Next: 37%
Magic:  1/1        EV: 12    Int:  3    God:
Gold:   15         SH:  0    Dex: 10    Spells: 1/1 levels left

rFire   . .          .
                       - Unarmed
rCold   + . .        (no shield)
rNeg    + + +        a - +0 leather armour
rPois   ∞            b - +0 helmet
rElec   .            (no cloak)
rCorr   .            (no gloves)
SInv    .            (no boots)
Will    .....        (no amulet)
Stlth   +            (no ring)
HPRegen 0.24/turn    (no ring)
MPRegen 0.07/turn

%: no passive effects
@: no status effects
A: claws 1, cold resistance 1, negative energy resistance 3, inhibited
regeneration, torment resistance 2, devour on kill
a: no special abilities


You were on level 1 of the Dungeon.
You visited 1 branch of the dungeon, and saw 1 of its levels.

You collected 15 gold pieces.

Inventory:

Armour
 a - a +0 leather armour (worn)
 b - a +0 helmet (worn)
Scrolls
 c - 2 scrolls of identify {unknown}
Potions
 d - a potion of enlightenment {unknown}


   Skills:
 + Level 2.5 Fighting
 - Level 1.7 Throwing
 - Level 2.6 Dodging
 * Level 3.9 Unarmed Combat


You had one spell level left.
You didn't know any spells.
Your spell library contained the following spells:

 Spells                   Type           Power      Damage    Failure   Level
 Slow                     Hex            0%         N/A       58%         1
 Confusing Touch          Hex            0%         N/A       92%         3
 Vampiric Draining        Necr           0%         2d6       92%         3


Dungeon Overview and Level Annotations

Branches:
Dungeon (1/15)

Altars:


Innate Abilities, Weirdness & Mutations

You are immune to poison.
You have sharp fingernails.
Your flesh is cold resistant. (rC+)
You are immune to negative energy. (rN+++)
You do not regenerate when monsters are visible.
You are immune to unholy pain and torment.
You thrive by killing the living.


Message History

You miss the goblin. The goblin barely misses you.
You scratch the goblin.
The goblin is heavily wounded.
The goblin closely misses you.
You scratch the goblin.
You kill the goblin!
There is an open door here.
You see here a +0 dagger.
As you open the door, it creaks loudly!
There is an open door here.
A rat comes into view.
A rat is nearby!
You see here a scroll labelled FEUSUA UGHILEH.
The rat closely misses you.
You claw the rat!
You kill the rat!
c - 2 scrolls labelled FEUSUA UGHILEH (gained 1)
You pick up a book of Debilitation and begin reading...
You add the spells Slow, Vampiric Draining and Confusing Touch to your library.
A goblin comes into view. It is wielding a +0 dagger.
A goblin is nearby!
The goblin hits you with a +0 dagger.
You scratch the goblin but do no damage.
The goblin hits you with a +0 dagger.
You closely miss the goblin. The goblin hits you but does no damage.
You barely miss the goblin. The goblin completely misses you.
You claw the goblin!
You kill the goblin!
You feel better.
You open the door.
There is an open door here.
There is an open door here.
You see here a +0 dagger.
Done exploring.
Done exploring.
Done exploring.
Unknown command.
Unknown command.
Unknown command.
Are you sure you want to abandon this character and quit the game? (Confirm with "yes".)

......'.........)...........#
...####.........#.......#####
#.## ##.......#####..### .##
##.....## #.## .# ##...## #.#
.# ##+## #.# .#### #.# #.#
....# #.########.# .##.#
##.#...@....# .##.#
##......######
.##>#####.....#.#
#.............#.#
..#.#######.###.# ###.#
#.....# ###.# #.##### ....#
#.# ##### #.#


There were no monsters in sight!

Vanquished Creatures
  An endoplasm (D:1)
  A giant cockroach (D:1)
  2 goblins (D:1)
  A hobgoblin (D:1)
  A kobold (D:1)
  A quokka (D:1)
  A frilled lizard (D:1)
  4 rats (D:1)
12 creatures vanquished.

Notes
Turn   | Place    | Note
-------+----------+-------------------------------------------
     0 | D:1      | Moral the Ghoul Gladiator began the quest for the Orb.
     0 | D:1      | Reached XP level 1. HP: 17/17 MP: 0/0
   460 | D:1      | Reached XP level 2. HP: 23/25 MP: 1/1
   843 | D:1      | Quit the game

Illustrated notes

Levels and vault maps discovered:
D:1:      heliophobic_arrival_henge, layout_loops_corners

Action                     || total
---------------------------++-------
  Melee: Unarmed           ||    40
         Punch             ||     1
 Armour: Leather armour    ||    11
  Dodge: Dodged            ||    22

Table legend: (Time is in decaauts)
 A = Elapsed time spent in this place.
 B = Non-inter-level travel time spent in this place.
 C = Inter-level travel time spent in this place.
 D = Time resting spent in this place.
 E = Time spent auto-exploring this place.
 F = Levels seen in this place.
 G = Mean time per level.
                   A        B        C        D        E       F      G
               +--------+--------+--------+--------+--------+-----+--------+
         Total |    840 |    840 |      0 |      0 |    708 |   1 |  840.0 |
       Dungeon |    840 |    840 |      0 |      0 |    708 |   1 |  840.0 |
               +--------+--------+--------+--------+--------+-----+--------+

Top non-repeatable levels by time:
     D:1: 840 daAuts
